 Dungeon Crawl Stone Soup version 0.27.1-33-g824d729ab1 (webtiles) character file.

Game seed: 6909030708991917589

1899 Electrofox the Magician (level 8, -8/63 (67) HPs)
             Began as a Purple Draconian Air Elementalist on Nov 29, 2021.
             Was a Believer of Sif Muna.
             Mangled by a wight (13 damage)
             ... on level 6 of the Dungeon.
             The game lasted 01:03:35 (8885 turns).

Electrofox the Magician (DrAE)                      Turns: 8885, Time: 01:03:35

HP:   -8/63 (67)    AC:  8    Str: 10    XL:     8   Next: 93%
MP:   4/18          EV: 13    Int: 19    God:    Sif Muna [**....]
Gold: 248           SH:  0    Dex: 11    Spells: 8/21 levels left

rFire    . . .     SeeInvis .   y - +4 short sword
rCold    . . .     Faith    .   (no shield)
rNeg     . . .     Spirit   .   (armour unavailable)
rPois    .         Reflect  .   G - +1 hat
rElec    .         Harm     .   s - scarf {+Inv}
rCorr    .         Rampage  .   c - +0 pair of gloves
Will     +....                  (no boots)
Stlth    ++........             n - amulet of regeneration
HPRegen  1.20/turn              (no ring)
MPRegen  0.16/turn              (no ring)

@: studying Conjurations, drained
A: breathe power, AC +6, unfitting armour, cold-blooded
a: Breathe Dispelling Energy, Renounce Religion, Evoke Invisibility, Channel
Magic


You were on level 6 of the Dungeon.
You worshipped Sif Muna.
Sif Muna was pleased with you.
You visited 2 branches of the dungeon, and saw 8 of its levels.
You also visited: Sewer.

You collected 248 gold pieces.

Inventory:

Hand Weapons
 a - a +2 dagger of draining
 y - a +4 short sword (weapon)
Missiles
 o - 37 poisoned darts
Armour
 c - a +0 pair of gloves (worn)
 s - a scarf of invisibility (worn)
 G - a +1 hat (worn)
Magical Staves
 k - a staff of fire
Jewellery
 n - an amulet of regeneration (around neck)
Wands
 b - a wand of iceblast (11)
 q - a wand of charming (9)
 r - a wand of mindburst (7)
 E - a wand of polymorph (3)
Scrolls
 d - a scroll of teleportation
 e - a scroll of identify
 f - a scroll of blinking {unknown}
 g - a scroll of summoning {unknown}
 i - a scroll of amnesia {unknown}
 j - a scroll of enchant weapon {unknown}
 m - a scroll of enchant armour {unknown}
 u - a scroll of noise {unknown}
 v - a scroll of brand weapon {unknown}
 D - a scroll of holy word {unknown}
 F - a scroll of magic mapping {unknown}
Potions
 h - 3 potions of haste
 l - 2 potions of resistance
 p - a potion of curing
 t - a potion of lignification {unknown}
 w - a potion of cancellation
 x - a potion of magic {unknown}
 z - 2 potions of might {unknown}
 A - a potion of invisibility {unknown}
 B - a potion of brilliance {unknown}
 C - a potion of mutation {unknown}


   Skills:
 + Level 4.8 Fighting
 + Level 4.5 Dodging
 - Level 1.8 Stealth
 + Level 7.2 Spellcasting
 - Level 2.0 Conjurations
 - Level 3.0 Hexes
 - Level 7.0 Air Magic


You had 8 spell levels left.
You knew the following spells:

 Your Spells              Type           Power      Damage    Failure   Level
a - Shock                 Conj/Air       92%        1d8       1%          1
b - Static Discharge      Conj/Air       23%        N/A       2%          2
c - Summon Small Mammal   Summ           24%        N/A       10%         1
d - Swiftness             Air            33%        N/A       1%          3
e - Slow                  Hex            18%        N/A       4%          2
f - Airstrike             Air            16%        N/A       5%          4

Your spell library contained the following spells:

 Spells                   Type           Power      Damage    Failure   Level
 Confusing Touch          Hex            18%        N/A       9%          3
 Summon Guardian Golem    Hex/Summ       12%        N/A       16%         3
 Call Canine Familiar     Summ           6%         N/A       30%         3
 Vampiric Draining        Necr           3%         2d6       30%         3


Dungeon Overview and Level Annotations

Branches:
Dungeon (7/15)             Temple (1/1) D:4           Sewer (visited)

Altars:
Ashenzari
Dithmenos
Elyvilon
Fedhas
Gozag
Makhleb
Nemelex Xobeh
Okawaru
Qazlal
Ru
Sif Muna
Uskayaw
Vehumet
Wu Jian
Xom
Yredelemnul
Zin
The Shining One

Shops:
D:5 ?

Annotations:
D:3 3 runed translucent doors, exclusion: 3 doors, DenSaoPin's ghost, amateur HOMo
D:5 exclusion: ogre
D:7 exclusions: hound and howler monkey


Innate Abilities, Weirdness & Mutations

You can breathe bolts of dispelling energy.
Your rich purple scales are hard. (AC +6)
You cannot fit into any form of body armour.
You are cold-blooded and may be slowed by cold attacks.


Message History

The orc wizard hits you but does no damage.
Casting: Static Discharge (safe; 2% risk of failure)
Confirm with . or Enter, or press ? or * to list all spells.
The orc wizard is struck by an arc of lightning.
The orc wizard is almost dead.
The lightning grounds out.
The orc closely misses you. The orc wizard barely misses you.
The ogre closely misses you.
Casting: Static Discharge (safe; 2% risk of failure)
Confirm with . or Enter, or press ? or * to list all spells.
The orc is struck by an arc of lightning.
You kill the orc!
Sif Muna accepts your kill.
You are struck by an arc of lightning.
The orc wizard is struck by an arc of lightning.
You kill the orc wizard!
Sif Muna accepts your kill.
The lightning grounds out.
You puncture the ogre!
The ogre is almost dead.
The ogre hits you with a +0 giant spiked club!!
The wight hits you with a +4 mace.
You feel drained.
* * * LOW HITPOINT WARNING * * *
You hit the ogre.
You kill the ogre!
Sif Muna accepts your kill. The wight hits you but does no damage.
Your life force feels restored.
The wight hits you with a +4 mace.
You feel drained.
You climb upwards.
There is a stone staircase leading down, spattered with blood here.
You puncture the wight!
The wight is heavily damaged.
The wight hits you with a +4 mace!
* * * LOW HITPOINT WARNING * * *
You feel drained.
* * * LOW HITPOINT WARNING * * *
You closely miss the wight.
The wight is heavily damaged.
The wight hits you with a +4 mace!
You die...

.#.## #.# #.# #.....≈≈ ###.###.#
#.# #.#...≈≈ # ##.##.# #.#
#.....≈≈ ###.#...# #.# ####...≈
.#.##.### #.#### #.... #.###.#
##.(..#### #.... ### #.#
#........# ##...# # #.##
#.##...#.# ##).... ## #..##
#@##.#.#.###>(....
.####...########z##...#.##.......
.'.........<.............'.......
.####...########.##...#.##.......
## #..## #........###...... #
#.## #####.#### ##..... #.# #.#
##...# #.## ####.#### ##'## #..#
#......<# #.#


You could see a wight.

Vanquished Creatures
  A centaur zombie (D:6)
  A black bear (D:7)
  A centaur (D:5)
  2 ogres
  A kobold brigand (D:7)
  2 scorpions (D:6)
  3 wights
  A bullfrog zombie (D:5)
  A hound (D:4)
  A jelly (D:4)
  2 orc priests
  A centaur skeleton (D:5)
  A bullfrog skeleton (D:6)
  4 iguanas
  10 orc wizards
  A killer bee zombie (D:6)
  A howler monkey zombie (D:5)
  A river rat (D:6)
  13 adders
  An ufetubus (D:6)
  3 worms
  2 dart slugs
  19 orcs
  7 bats
  11 endoplasms
  2 giant cockroaches
  7 goblins
  5 hobgoblins
  6 jackals (Sewer)
  4 quokkas
  11 ball pythons
  7 frilled lizards
  19 kobolds
  9 rats
161 creatures vanquished.

Vanquished Creatures (collateral kills)
  A black bear (D:3)
1 creature vanquished.

Vanquished Creatures (others)
  26 plants
26 creatures vanquished.

Grand Total: 188 creatures vanquished

Notes
Turn   | Place    | Note
-------+----------+-------------------------------------------
     0 | D:1      | Electrofox the Draconian Air Elementalist began the quest
                  | for the Orb.
     0 | D:1      | Reached XP level 1. HP: 14/14 MP: 3/3
   670 | D:1      | Reached XP level 2. HP: 20/20 MP: 3/5
   962 | D:1      | Found a faded altar of an unknown god.
  1421 | D:1      | Learned a level 2 spell: Static Discharge
  1541 | D:2      | Reached XP level 3. HP: 25/26 MP: 1/7
  2956 | D:3      | Learned a level 1 spell: Summon Small Mammal
  3010 | D:3      | Found a runed translucent gate.
  3011 | D:3      | Found a runed translucent gate.
  3012 | D:3      | Found a runed translucent gate.
  3170 | D:3      | Reached XP level 4. HP: 33/33 MP: 6/8
  3182 | D:3      | Noticed DenSaoPin's ghost (amateur HOMo)
  3979 | D:3      | Reached XP level 5. HP: 30/38 MP: 3/10
  4351 | D:3      | Reached skill level 5 in Air Magic
  4356 | D:3      | Learned a level 3 spell: Swiftness
  4901 | D:4      | Found a staircase to the Ecumenical Temple.
  4916 | D:4      | Reached XP level 6. HP: 45/45 MP: 4/12
  4919 | Temple   | Entered the Ecumenical Temple
  5391 | Temple   | Became a worshipper of Sif Muna the Loreminder
  6131 | D:5      | Entered Level 5 of the Dungeon
  6327 | D:5      | Your scales start taking on a rich purple colour.
  6327 | D:5      | Reached XP level 7. HP: 48/50 MP: 11/14
  6390 | D:5      | Reached skill level 5 in Spellcasting
  6413 | D:5      | Learned a level 2 spell: Slow
  6429 | D:5      | Reached * piety under Sif Muna
  6465 | D:5      | Found Ineiseej's Magic Scroll Boutique.
  6799 | D:6      | Reached skill level 1 in Hexes
  6836 | D:6      | Reached skill level 1 in Fighting
  6995 | D:6      | Found a glowing drain.
  7070 | Sewer    | Entered a sewer
  7892 | D:6      | Reached ** piety under Sif Muna
  7921 | D:6      | Reached XP level 8. HP: 59/61 MP: 3/16
  8149 | D:6      | Learned a level 4 spell: Airstrike
  8885 | D:6      | Mangled by a wight

Illustrated notes

Levels and vault maps discovered:
D:1:      psy_arrival_radial02, layout_basic,
          hellmonk_ecumenical_altar_prayer_group, minmay_ruptured
D:2:      layout_basic, serial_forest, infiniplex_forest_clump_diagonal,
          infiniplex_forest_corner_2, infiniplex_forest_end_2,
          infiniplex_forest_clump_long, infiniplex_forest_clump_double,
          infiniplex_forest_clump_small, infiniplex_forest_fountain
D:3:      cheibrodos_old_hovel, layout_loops_corners, gammafunk_ghost_icy
D:4:      layout_gridville, minmay_temple_entry_junction, minmay_manual_moon
D:5:      layout_rooms, serial_shops, nicolae_lakefront_shop
D:6:      layout_loops_corners, portal_sewer_entry_a
D:7:      layout_rooms, chei_slow_surprise, mainiacjoe_overflow_swirl,
          grunt_ministairs_9
Temple:   hc_temple_tempest_star

Skill      XL: |  1  2  3  4  5  6  7  8 |
---------------+-------------------------+-----
Spellcasting   | 3 4 5 7 |  7.2
Air Magic      | 4 5 6 7 |  7.0
Conjurations   | 2 |  2.0
Dodging        | 2 4 |  4.5
Hexes          | 3 |  3.0
Fighting       | 2 4 |  4.8
Stealth        | |  1.8

Action                   |  1- 3 |  4- 6 |  7- 9 || total
-------------------------+-------+-------+-------++-------
Melee: Unarmed           |    15 |       |       ||    15
       Tailslap          |    11 |     3 |     6 ||    20
       Dagger            |    42 |    47 |    32 ||   121
       Staff             |    13 |       |       ||    13
       Short sword       |       |       |    50 ||    50
 Cast: Shock             |    85 |   115 |   119 ||   319
       Static Discharge  |     2 |     8 |    10 ||    20
       Summon Small Mamm |       |     5 |       ||     5
       Swiftness         |       |     2 |     1 ||     3
       Slow              |       |       |     4 ||     4
       Airstrike         |       |       |     3 ||     3
  Use: Scroll            |       |     4 |     1 ||     5
       Potion            |       |     2 |       ||     2
 Stab: Sleeping          |       |     1 |       ||     1
       Distracted        |       |     1 |       ||     1
Armor: Skin              |    12 |    53 |    54 ||   119
Dodge: Dodged            |    32 |   100 |    85 ||   217
